 Dungeon Crawl Stone Soup version 0.28-a0-697-g47f3eba078 (webtiles) character file.

Game seed: 12348618185269915834

1792 shoop the Gusty (level 9, -1/70 HPs)
             Began as a Naga Hedge Wizard on Oct 23, 2021.
             Was an Initiate of Gozag.
             Slain by a sky beast (5 damage)
             ... on level 7 of the Dungeon.
             The game lasted 00:20:05 (7035 turns).

shoop the Gusty (Naga Hedge Wizard)                 Turns: 7035, Time: 00:20:07

Health: -1/70      AC:  6    Str: 13    XL:     9   Next: 9%
Magic:  1/16       EV: 10    Int: 17    God:    Gozag
Gold:   11         SH:  0    Dex: 11    Spells: 8/18 levels left

rFire   . . .      SeeInvis +   p - +0 lajatang
rCold   . . .      Faith    .   (shield currently unavailable)
rNeg    . . .      Spirit   .   b - +0 robe
rPois   +          Reflect  .   C - +0 helmet
rElec   .          Harm     .   F - scarf {repulsion}
rCorr   .          Rampage  .   m - +0 pair of gloves
Will    +....                   (no barding)
Stlth   ++........              (no amulet)
HPRegen 0.21/turn               (no ring)
MPRegen 0.15/turn               (no ring)

@: gold aura, flying, hasted, repel missiles, quick
A: AC +3, large, see invisible, deformed body, poison resistance, slowness 2,
spit poison 1, naga tail 1
a: Spit Poison, Renounce Religion, Potion Petition, Call Merchant, Bribe Branch


You were on level 7 of the Dungeon.
You worshipped Gozag.
Gozag was noncommittal.
You visited 2 branches of the dungeon, and saw 9 of its levels.
You also visited: Sewer.

You collected 604 gold pieces.
You paid 593 gold pieces to Gozag.

Inventory:

Hand Weapons
 a - a +0 dagger
 g - a +0 hand axe
 j - a +0 spear
 k - a +0 quarterstaff
 p - a +0 lajatang (weapon)
 s - a +2 dagger of electrocution
Armour
 b - a +0 robe (worn)
 c - a +0 hat
 m - a +0 pair of gloves (worn)
 u - a +0 leather armour
 C - a +0 helmet (worn)
 F - a scarf of repulsion (worn)
Scrolls
 d - 2 scrolls of blinking {unknown}
 h - a scroll of immolation {unknown}
 i - 3 scrolls of identify
 q - a scroll of teleportation {unknown}
 t - a scroll of fog {unknown}
 v - a scroll of summoning {unknown}
 y - a scroll of enchant armour {unknown}
 z - a scroll of fear {unknown}
 B - a scroll of enchant weapon
Potions
 e - a potion of flight
 f - 2 potions of curing {unknown}
 l - a potion of berserk rage {unknown}
 n - a potion of degeneration {unknown}
 o - 2 potions of brilliance {unknown}
 r - a potion of resistance {unknown}
 w - a potion of heal wounds
 x - a potion of invisibility {unknown}
 A - a potion of haste
 D - a potion of ambrosia {unknown}
 E - a potion of mutation {unknown}


   Skills:
 - Level 1.0 Fighting
 - Level 1.0 Short Blades
 - Level 0.3 Staves
 - Level 0.8 Armour
 - Level 2.0 Dodging
 - Level 3.0 Stealth
 + Level 5.0 Spellcasting
 - Level 3.0 Conjurations
 + Level 6.0 Summonings
 - Level 2.0 Translocations
 + Level 6.7 Air Magic
 - Level 3.0 Poison Magic


You had 8 spell levels left.
You knew the following spells:

 Your Spells              Type           Power      Damage    Failure   Level
a - Magic Dart            Conj           56%        1d5       4%          1
b - Blink                 Tloc           N/A        N/A       10%         2
c - Mephitic Cloud        Conj/Pois/Air  18%        N/A       8%          3
d - Summon Lightning Spi  Summ/Air       25%        N/A       11%         4

Your spell library contained the following spells:

 Spells                   Type           Power      Damage    Failure   Level
 Call Imp                 Summ           24%        N/A       1%          2
 Poisonous Vapours        Pois/Air       40%        N/A       3%          2
 Corpse Rot               Necr/Air       30%        N/A       5%          2
 Pain                     Necr           16%        1d4       14%         1
 Slow                     Hex            4%         N/A       22%         2
 Conjure Flame            Conj/Fire      9%         6-21      22%         3
 Dispel Undead            Necr           4%         3d7       80%         4
 Agony                    Necr           4%         N/A       98%         5
 Excruciating Wounds      Necr           2%         N/A       98%         5
 Death Channel            Necr           2%         N/A       100%        6
 Storm Form               Tmut/Air       7%         N/A       100%        7
 Maxwell's Capacitive Co  Air            13%        ∞         100%        8


Dungeon Overview and Level Annotations

Branches:
Dungeon (8/15)             Temple (1/1) D:4           Sewer (visited)
   Lair: D:8-11

Altars:
Cheibriados
Fedhas
Gozag
Makhleb
Nemelex Xobeh
Okawaru
Qazlal
Ru
Sif Muna
Vehumet
Yredelemnul

Shops:
D:3 [

Annotations:
D:3 1 runed translucent door, ytrimaz's ghost, amateur FoFi
D:4 exclusion: necrophage, Eustachio
D:8 exclusion: yak


Innate Abilities, Weirdness & Mutations

Your serpentine skin is tough. (AC +3)
You have supernaturally acute eyesight. (SInv)
Armour fits poorly on your strangely shaped body.
Your system is resistant to poisons. (rPois)
You cover ground very slowly.
You can spit poison.
You have a snake-like lower body.


Message History

The yak is engulfed in noxious fumes.
The yak appears confused.
The ice beast is distracted by your dazzling golden aura.
The gnoll is distracted by your dazzling golden aura. x2
The gnoll shouts! x2
Unknown command.
You hit the sky beast.
The sky beast is heavily wounded.
The yak is no longer distracted by gold.
The sky beast hits you but does no damage.
Your lightning spire shoots out a bolt of lightning at the sky beast!
The bolt of electricity hits the sky beast.
The sky beast completely resists.
The bolt of electricity hits the steam dragon!
The bolt of electricity hits the gnoll!
The gnoll dies!
The orc priest calls upon Beogh to heal the orc wizard.
The orc wizard is healed somewhat.
The yak is engulfed in noxious fumes.
The yak misses the sky beast.
The yak gores itself!
You closely miss the sky beast.
The sky beast is heavily wounded.
The sky beast hits you.
* * * LOW HITPOINT WARNING * * *
The sky beast shocks you.
* * * LOW HITPOINT WARNING * * *
The steam dragon is distracted by your dazzling golden aura.
The orc wizard is distracted by your dazzling golden aura.
You closely miss the sky beast.
The sky beast is heavily wounded.
The steam dragon hisses angrily.
The ice beast is no longer distracted by gold.
Your lightning spire disappears in a puff of smoke!
The orc wizard is no longer distracted by gold.
The gnoll is no longer distracted by gold.
The yak is distracted by your dazzling golden aura.
The orc wizard is distracted by your dazzling golden aura.
The sky beast hits you.
* * * LOW HITPOINT WARNING * * *
The sky beast shocks you.
You die...
Your body crumbles into a pile of gold. #.. $ #.#### . #$...##Y.. ##.....h.# #gYoo.#

#$o#.##
#Do#Z# $
##YY#.#
##@$Y#.#
#..#§#.#
#.##.#.#
####.##.#.#
#....##.#.#
#.#####.#.#
#.## #.#.#
#..####...#
##...##..#
.#


You could see 2 yaks, a steam dragon, an ice beast, a sky beast, an orc priest,
2 orc wizards and a gnoll.

Vanquished Creatures
  3 yaks (D:7)
  Purgy (Sewer)
  A water moccasin (D:5)
  A black bear (D:3)
  A necrophage (D:7)
  2 ogres (D:5)
  A centaur (D:8)
  A nameless horror (D:5)
  A scorpion (D:4)
  A wyvern zombie (D:8)
  A water moccasin skeleton (D:5)
  A howler monkey (D:5)
  4 hounds
  An iguana (D:7)
  A killer bee zombie (D:7)
  A hound skeleton (D:4)
  A howler monkey zombie (D:7)
  3 gnolls (D:2)
  8 adders
  3 river rats (D:5)
  A shadow imp (D:5)
  An ufetubus (D:7)
  2 worms
  3 dart slugs
  2 orcs (D:4)
  6 ball pythons
  8 endoplasms
  4 giant cockroaches
  8 goblins
  3 hobgoblins
  4 jackals
  8 kobolds
  3 quokkas
  2 bats
  3 frilled lizards (Sewer)
  5 rats
100 creatures vanquished.

Vanquished Creatures (collateral kills)
  A water moccasin (D:6)
  A centaur skeleton (D:7)
  2 gnolls (D:7)
  An orc (D:7)
5 creatures vanquished.

Grand Total: 105 creatures vanquished

Notes
Turn   | Place    | Note
-------+----------+-------------------------------------------
     0 | D:1      | shoop the Naga Hedge Wizard began the quest for the Orb.
     0 | D:1      | Reached XP level 1. HP: 15/15 MP: 4/4
   381 | D:1      | Found a faded altar of an unknown god.
   463 | D:1      | Reached XP level 2. HP: 5/22 MP: 1/6
  1716 | D:2      | Reached XP level 3. HP: 28/28 MP: 4/7
  1782 | D:2      | Reached skill level 1 in Fighting
  1883 | D:2      | Learned a level 2 spell: Blink
  1979 | D:2      | Reached XP level 4. HP: 29/38 MP: 0/8
  2176 | D:2      | Learned a level 3 spell: Mephitic Cloud
  2691 | D:3      | Found Hyelosuc's Armour Shoppe.
  2692 | D:3      | Noticed a black bear
  3287 | D:3      | Found a runed translucent door.
  3296 | D:3      | Noticed ytrimaz's ghost (amateur FoFi)
  3590 | D:4      | Noticed Eustachio
  3787 | D:4      | Noticed a necrophage
  3893 | D:3      | Killed a black bear
  3894 | D:3      | Reached skill level 1 in Short Blades
  3894 | D:3      | Reached skill level 1 in Air Magic
  3894 | D:3      | Reached XP level 5. HP: 44/44 MP: 2/9
  4172 | D:4      | Reached XP level 6. HP: 51/51 MP: 7/10
  4201 | D:4      | Found a staircase to the Ecumenical Temple.
  4211 | Temple   | Entered the Ecumenical Temple
  4261 | Temple   | Became a worshipper of Gozag Ym Sagoz the Greedy
  4353 | D:4      | Learned a level 4 spell: Summon Lightning Spire
  4435 | D:4      | Found a shimmering blue altar of Sif Muna.
  4962 | D:5      | Entered Level 5 of the Dungeon
  5023 | D:5      | Noticed a water moccasin
  5301 | D:5      | Reached XP level 7. HP: 23/57 MP: 1/11
  5409 | D:5      | Found a glowing drain.
  5418 | Sewer    | Entered a sewer
  5628 | Sewer    | Noticed Purgy
  5632 | Sewer    | Killed Purgy
  5995 | D:5      | Reached skill level 5 in Air Magic
  6112 | D:5      | Noticed a nameless horror
  6122 | D:5      | Killed a nameless horror
  6125 | D:5      | Reached XP level 8. HP: 40/64 MP: 0/12
  6597 | D:6      | You fall into a shaft and drop 2 floors!
  6759 | D:8      | Noticed a yak
  6997 | D:7      | Noticed a yak
  6999 | D:7      | Noticed a yak
  7001 | D:7      | Noticed a yak
  7002 | D:7      | Noticed a yak
  7002 | D:7      | Noticed a yak
  7014 | D:7      | Reached skill level 5 in Summonings
  7016 | D:7      | Killed a yak
  7020 | D:7      | Killed a yak
  7028 | D:7      | Killed a yak
  7029 | D:7      | Reached XP level 9. HP: 14/70 MP: 0/16
  7030 | D:7      | Reached skill level 5 in Spellcasting
  7035 | D:7      | Slain by a sky beast

Illustrated notes

Levels and vault maps discovered:
D:1:      heliophobic_arrival_dark_side_of_the_moon, layout_basic,
          chequers_ecumenical_altar_simple, grunt_decor_mini_mirrors
D:2:      layout_rooms, minmay_pentomino_v4
D:3:      layout_loops_corners, ebering_ghost_sewer_d, serial_shops,
          nicolae_lakefront_shop
D:4:      layout_loops_cross, nicolae_sif_muna_little_library, temple_hall,
          uniq_eustachio
D:5:      layout_loops_ring, portal_sewer_entry_b
D:6:      layout_rooms, ashenzari_conservatory_becter, minmay_door_square,
          mumra_transporter_accident
D:7:      layout_rooms, worldfamousw_hep_ancestral_shrine, enter_bailey_7
D:8:      minmay_slanted_spiral_squares, layout_loops_corners, lair_entry_dummy,
          uniq_maurice
Temple:   jpeg_temple_alley_garden

Skill      XL: |  1  2  3  4  5  6  7  8  9 |
---------------+----------------------------+-----
Conjurations   | 2 3 |  3.0
Fighting       | 1 |  1.0
Dodging        | 2 |  2.0
Short Blades   | 1 |  1.0
Translocations | 2 |  2.0
Air Magic      | 1 2 4 5 6 |  6.7
Poison Magic   | 2 3 |  3.0
Summonings     | 2 4 6 |  6.0
Spellcasting   | 4 5 |  5.0
Staves         | |  0.3
Armour         | |  0.8
Stealth        | |  3.0

Action                   |  1- 3 |  4- 6 |  7- 9 || total
-------------------------+-------+-------+-------++-------
Melee: Dagger            |    10 |    24 |    89 ||   123
       Hand axe          |     1 |       |       ||     1
       Lajatang          |       |     9 |     4 ||    13
       Spear             |       |     7 |       ||     7
 Cast: Magic Dart        |    71 |    83 |    34 ||   188
       Mephitic Cloud    |       |     4 |     4 ||     8
       Summon Lightning  |       |       |     6 ||     6
Invok: Potion Petition   |       |       |     1 ||     1
 Abil: Spit Poison       |    11 |    15 |     9 ||    35
  Use: Potion            |       |       |     2 ||     2
       Scroll            |       |       |     1 ||     1
 Stab: Sleeping          |       |     2 |       ||     2
       Confused          |       |     1 |     1 ||     2
Armor: Robe              |     2 |    12 |    38 ||    52
Dodge: Dodged            |    10 |    26 |    63 ||    99

Table legend: (Time is in decaauts)
 A = Elapsed time spent in this place.
 B = Non-inter-level travel time spent in this place.
 C = Inter-level travel time spent in this place.
 D = Time resting spent in this place.
 E = Time spent auto-exploring this place.
 F = Levels seen in this place.
 G = Mean time per level.
                   A        B        C        D        E       F      G
               +--------+--------+--------+--------+--------+-----+--------+
         Total |   8633 |   8214 |    419 |    440 |   6467 |  10 |  863.3 |
       Dungeon |   8039 |   7660 |    379 |    338 |   6176 |   8 | 1004.9 |
        Temple |    110 |     70 |     40 |      0 |      0 |   1 |  110.0 |
         Sewer |    484 |    484 |      0 |    102 |    291 |   1 |  484.0 |
               +--------+--------+--------+--------+--------+-----+--------+

Top non-repeatable levels by time:
     D:1: 1746 daAuts
     D:3: 1690 daAuts
     D:5: 1484 daAuts
     D:4: 1423 daAuts
     D:2: 1103 daAuts
   Sewer: 484 daAuts
     D:8: 433 daAuts
  Temple: 110 daAuts
     D:7: 106 daAuts
     D:6: 51 daAuts
